 Dungeon Crawl Stone Soup version 0.32-a0-732-ga344392067 (webtiles) character file.

Game seed: 7939640892447259152

920162 gimp the Conqueror (level 27, -5/249 HPs)
             Began as a Coglin Wanderer on Mar 16, 2024.
             Was the Champion of the Shining One.
             Slain by a tainted leviathan (19 damage)
             ... on level 1 of Tartarus.
             The game lasted 03:04:25 (88429 turns).

gimp the Conqueror (Coglin Wanderer)               Turns: 88429, Time: 03:04:25

Health: -5/249     AC: 57    Str: 29    XL:     27
Magic:  26/39      EV: 14    Int: 13    God:    the Shining One [******]
Gold:   8351       SH:  0    Dex: 18    Spells: 31/31 levels left

rFire   + + .        t - +9 broad axe (holy) {Tepiltzin}
rCold   + + +        o - +7 war axe "Mipsenie" {heavy, rF+ rCorr Str+2 Dex+2}
rNeg    + + +        r - +12 gold dragon scales
rPois   +            Q - +1 helmet of Resilience {+Inv Str+5 Int-3 Stlth+}
rElec   +            B - +2 cloak {rC+}
rCorr   +            q - +2 pair of gloves
SInv    .            u - +3 pair of seven-league boots {Rampage+∞}
Will    +....        (amulet unavailable) Stlth
                     (ring unavailable)
HPRegen 0.61/turn    (ring unavailable)
MPRegen 0.26/turn    s - emergency samoflange {RevParry, rElec rC+}

%: rampage+∞
@: mesmerised, slowed, studying 4 skills, weak-willed, revving, very slow
A: off-hand wielding, slow wielding, warmup strikes, no jewellery, clever 1,
screaming 1, inability to drink after injury 1
}: 10/15 runes: serpentine, barnacled, slimy, silver, abyssal, demonic, glowing,
magical, fiery, dark
a: Renounce Religion, Evoke Invisibility, Divine Shield, Cleansing Flame, Summon
Divine Warrior


You were on level 1 of Tartarus.
You worshipped the Shining One.
The Shining One was exalted by your worship.
You visited 16 branches of the dungeon, and saw 60 of its levels.
You visited Pandemonium 3 times, and saw 11 of its levels.
You visited the Abyss 3 times.
You visited 1 bazaar.
You also visited: Trove, Ossuary, Bailey, Ice Cave, Volcano and Wizlab.

You collected 12613 gold pieces.
You spent 4262 gold pieces at shops.

Inventory:

Hand Weapons
 o - the +7 war axe "Mipsenie" (offhand) {heavy, rF+ rCorr Str+2 Dex+2}
   (Trog gifted it to you on level 3 of the Elven Halls)

   Str+2:     It affects your strength (+2).
   Dex+2:     It affects your dexterity (+2).
   rF+:       It protects you from fire.
   rCorr:     It protects you from acid and corrosion.
 t - a +9 broad axe of holy wrath (weapon) {Tepiltzin}
 D - the +5 hand axe of Uncertain Death {flame, Fly rF+ Str-5}
   (You bought it in a shop on level 12 of the Dungeon)

   Str-5:     It affects your strength (-5).
   rF+:       It protects you from fire.
   Fly:       It grants you flight.
 T - a +9 heavy broad axe {Zihan}
Missiles
 c - 16 curare-tipped darts
 A - 7 throwing nets
Armour
 q - a +2 pair of gloves (worn)
 r - +12 gold dragon scales (worn)
 u - the +3 pair of seven-league boots (worn) {Rampage+∞}
   (You bought it in a shop on level 2 of the Dungeon)

   Rampage+∞: When moving toward enemies, its wearer moves as far as possible,
   alerting their target en route.
 B - a +2 cloak of cold resistance (worn)
 I - the +2 pair of boots "Nuonn" {rElec rC+ MP+9}
   (You acquired it on level 5 of the Vaults)

   rC+:       It protects you from cold.
   rElec:     It insulates you from electricity.
   MP+9:      It affects your magic capacity (+9).
 Q - the +1 helmet of Resilience (worn) {+Inv Str+5 Int-3 Stlth+}
   (You found it in a wizard's laboratory)

   Str+5:     It affects your strength (+5).
   Int-3:     It affects your intelligence (-3).
   +Inv:      It lets you turn invisible.
   Stlth+:    It makes you more stealthy.
Gizmo
 s - an emergency samoflange (installed) {RevParry, rElec rC+}
   (You invented it yourself on level 1 of the Lair of Beasts)

   [emergency samoflange]

   RevParry:  Your AC increases as you Rev (up to +5) and while fully Revved,
   your attacks may disarm enemies.
   rC+:       It protects you from cold.
   rElec:     It insulates you from electricity.
Wands
 f - a wand of warping (46)
 h - a wand of mindburst (69)
 E - a wand of flame (99)
 G - a wand of digging (27)
 L - a wand of quicksilver (29)
 Y - a wand of paralysis (66)
Scrolls
 e - 7 scrolls of fear
 g - 5 scrolls of immolation
 j - 10 scrolls of vulnerability
 k - 17 scrolls of teleportation
 l - 4 scrolls of enchant armour
 m - 8 scrolls of revelation
 x - 7 scrolls of poison
 y - 4 scrolls of silence
 C - 10 scrolls of blinking
 R - 4 scrolls of fog
 U - 3 scrolls of summoning
Potions
 b - 5 potions of berserk rage
 d - 8 potions of haste
 i - 21 potions of curing
 n - 7 potions of enlightenment
 p - 11 potions of heal wounds
 v - 9 potions of attraction
 w - 2 potions of cancellation
 z - 8 potions of mutation
 N - 11 potions of resistance
 O - 4 potions of ambrosia
 P - 7 potions of might
Miscellaneous
 a - a phantom mirror
 H - a lightning rod (4/4)
 M - a box of beasts (inert)
 X - a phial of floods
 Z - a condenser vane (inert)


   Skills:
 O Level 27 Fighting
 - Level 21.3 Axes
 O Level 27 Armour
 - Level 14.0 Dodging
 - Level 1.3 Shields
 - Level 2.6 Spellcasting
 - Level 1.7 Hexes
 * Level 25.5 Invocations
 - Level 15.0 Evocations


You had 31 spell levels left.
You didn't know any spells.
Your spell library contained the following spells:

 Spells                   Type           Power      Damage    Failure   Level
 Slow                     Hex            24%        N/A       54%         1
 Jinxbite                 Hex            12%        N/A       67%         2
 Apportation              Tloc           2%         N/A       78%         1
 Foxfire                  Conj/Fire      4%         2x1d4     78%         1
 Shock                    Conj/Air       4%         1d3       78%         1
 Sting                    Conj/Alch      4%         1d3       78%         1
 Ensorcelled Hibernation  Hex/Ice        8%         N/A       80%         2
 Tukima's Dance           Hex            6%         N/A       88%         3
 Blink                    Tloc           2%         N/A       89%         2
 Call Imp                 Summ           2%         N/A       89%         2
 Cigotuvi's Dreadful Rot  Necr/Alch/Air  2%         N/A       89%         2
 Lesser Beckoning         Tloc           2%         N/A       89%         2
 Mercury Vapours          Alch/Air       2%         N/A       89%         2
 Momentum Strike          Conj/Tloc      2%         3d8       89%         2
 Static Discharge         Conj/Air       2%         3-4/arc   89%         2
 Sublimation of Blood     Necr           1%         N/A       89%         2
 Dazzling Flash           Conj/Hex       8%         N/A       95%         3
 Gell's Gravitas          Tloc           1%         N/A       98%         3
 Hailstorm                Conj/Ice       1%         3d5       98%         3
 Passwall                 Erth           1%         N/A       98%         3
 Summon Ice Beast         Ice/Summ       1%         N/A       98%         3
 Swiftness                Air            1%         N/A       98%         3
 Teleport Other           Tloc           1%         N/A       98%         3
 Cause Fear               Hex            3%         N/A       99%         4
 Anguish                  Hex/Necr       2%         N/A       100%        4
 Brom's Barrelling Bould  Conj/Erth      1%         2d3       100%        4
 Dimensional Bullseye     Hex/Tloc       2%         N/A       100%        4
 Ignite Poison            Fire/Alch      1%         N/A       100%        4
 Iskenderun's Mystic Bla  Conj/Tloc      1%         2d3       100%        4
 Leda's Liquefaction      Alch/Erth      0%         N/A       100%        4
 Manifold Assault         Tloc           1%         N/A       100%        4
 Olgreb's Toxic Radiance  Alch           1%         N/A       100%        4
 Petrify                  Alch/Erth      1%         N/A       100%        4
 Sticky Flame             Fire/Alch      1%         2d4       100%        4
 Alistair's Intoxication  Alch           0%         N/A       100%        5
 Arcjolt                  Conj/Air       0%         1d10      100%        5
 Borgnjor's Vile Clutch   Necr/Erth      0%         N/A       100%        5
 Fireball                 Conj/Fire      0%         3d3       100%        5
 Irradiate                Conj/Alch      0%         3d11      100%        5
 Iskenderun's Battlesphe  Conj           1%         2d6       100%        5
 Lee's Rapid Deconstruct  Erth           0%         3d4*      100%        5
 Summon Mana Viper        Hex/Summ       4%         N/A       100%        5
 Yara's Violent Unravell  Hex/Alch       2%         3d3       100%        5
 Conjure Ball Lightning   Conj/Air       0%         3x3d6     100%        6
 Dispersal                Tloc           0%         N/A       100%        6
 Permafrost Eruption      Ice/Erth       0%         2x4d2     100%        6
 Plasma Beam              Fire/Air       0%         2x1d10    100%        6
 Sculpt Simulacrum        Ice/Alch       0%         N/A       100%        6
 Starburst                Conj/Fire      0%         6d3       100%        6
 Enfeeble                 Hex            3%         N/A       100%        7
 Monstrous Menagerie      Summ           0%         N/A       100%        7
 Orb of Destruction       Conj           0%         9d5       100%        7
 Summon Hydra             Summ           0%         N/A       100%        7
 Discord                  Hex            3%         N/A       100%        8
 Disjunction              Tloc           0%         N/A       100%        8
 Ignition                 Fire           0%         3d3       100%        8
 Maxwell's Capacitive Co  Air            0%         ∞         100%        8
 Chain Lightning          Conj/Air       0%         2d1       100%        9
 Dragon's Call            Summ           0%         N/A       100%        9
 Fire Storm               Conj/Fire      0%         6d1       100%        9
 Shatter                  Erth           0%         3d5*      100%        9


Dungeon Overview and Level Annotations

Branches:
Dungeon (15/15)            Temple (1/1) D:4            Lair (5/5) D:10
 Shoals (4/4) Lair:3        Snake (4/4) Lair:3        Slime (5/5) Lair:5
    Orc (2/2) D:10            Elf (3/3) Orc:2        Vaults (5/5) D:14
  Crypt (3/3) Vaults:2       Tomb (1/3) Crypt:3      Depths (4/4) D:15
   Hell (visited)             Dis (0/7) Hell            Geh (0/7) Hell
    Coc (1/7) Hell            Tar (1/7) Hell            Zot (5/5) Depths:4
Ossuary (visited)          Bailey (visited)           IceCv (visited)
Volcano (visited)          WizLab (visited)

Altars:
Ashenzari
Cheibriados
Dithmenos
Elyvilon
Fedhas
Gozag
Hepliaklqana
Kikubaaqudgha
Makhleb
Nemelex Xobeh
Okawaru
Qazlal
Ru
Sif Muna
Trog
Uskayaw
Vehumet
Wu Jian
Xom
Yredelemnul
Zin
The Shining One
Beogh
Jiyva
Lugonu

Shops:
D:2 *   D:5 =   D:12 (*   D:15 (:[   Orc:2 [=(!   Elf:1 (   Shoals:2 ?
Shoals:4 *   Vaults:1 (!   Vaults:3 :   Vaults:5 [[   Depths:2 =:=

Portals:
Hell: Lair:5 Depths:1 Depths:2 Depths:3 Depths:4
Abyss: Depths:3
Pandemonium: Depths:2 Depths:4
Ziggurat: Depths:1

Annotations:
Depths:3 2 transporters


Innate Abilities, Weirdness & Mutations

You can wield a second weapon in your off-hand.
It takes a long time for you to wield or remove held weapons.
Your first few attacks do less damage.
You cannot equip rings or amulets.
Your mind is acute. (Int +4, Str/Dex -1)
You occasionally shout uncontrollably at your foes.
You occasionally lose the ability to drink potions when taking damage.


Message History

The floor.
Unknown command.
Press: ? - help, v - describe, . - travel
Here: a spectral harpy (foul pestilence)
The floor.
Unknown command.
Blink to where?
Press: ? - help, Dir - move target
As you read the scroll of blinking, it crumbles to dust.
The spectral harpy claws you but does no damage.
The spectral harpy misses you.
The spectral harpy claws you but does no damage.
The spectral harpy completely misses you.
The dread lich mumbles some strange words.
The dread lich flickers and vanishes!
Deactivating autopickup; reactivate with Ctrl-A.
Okay, then.
Unknown command.
You feel much better.
You are engulfed in dark miasma.
You are poisoned.
You feel yourself slow down.
* * * LOW HITPOINT WARNING * * *
You break out of your daze.
You feel very sick.
The Tzitzimitl calls on the powers of darkness!
Your body is wracked with pain!
* * * LOW HITPOINT WARNING * * *
You hear some strange, mumbled words.
The tainted leviathan attempts to bespell you!
You resist.
The putrid mouth howls a warning cry!
The spectral harpy misses you. The spectral harpy closely misses you.
You hear a hideous shriek!
You regained 9 hp, and now have 24/249 hp.
Activating: Cleansing Flame (0% risk of failure)
Press: ? - help, Dir - look around, f - activate The golden flame engulfs you but does no damage.
You resist.
The golden flame engulfs the tainted leviathan!!!
The tainted leviathan writhes in agony!
The tainted leviathan is moderately damaged.
The golden flame engulfs the spectral harpy!!!!
The spectral harpy writhes in agony!
You destroy the spectral harpy!
The Shining One accepts your kill.
You feel better.
The golden flame engulfs the profane servitor.
The profane servitor completely resists.
The profane servitor is severely damaged.
The golden flame engulfs the tainted leviathan!!!
The tainted leviathan writhes in agony!
The tainted leviathan is moderately damaged.
You are engulfed in dark miasma.
You feel extremely sick.
The tainted leviathan attempts to bespell you!
You resist with almost no effort.
The tainted leviathan hits you but does no damage. x2
The profane servitor closely misses you.
The profane servitor hits you but does no damage.
You regained 5 hp, and now have 29/249 hp.
You now have 30/39 mp.
Activating: Cleansing Flame (0% risk of failure)
Press: ? - help, Dir - look around, f - activate The golden flame engulfs you but does no damage.
You resist.
The golden flame engulfs the tainted leviathan!!!!
The tainted leviathan writhes in agony!
The tainted leviathan is almost destroyed.
The golden flame engulfs the tainted leviathan!
The tainted leviathan writhes in agony!
The tainted leviathan is moderately damaged.
The golden flame engulfs the profane servitor.
The profane servitor completely resists.
The profane servitor is severely damaged.
The golden flame engulfs the spectral spriggan defender.
The spectral spriggan defender is severely damaged.
You are engulfed in dark miasma.
You are more poisoned.
You feel as though you will be slow longer.
* * * LOW HITPOINT WARNING * * *
x2 You feel extremely sick.
The profane servitor hits you but does no damage.
The profane servitor closely misses you.
The tainted leviathan attempts to bespell you!
You are mesmerised by the tainted leviathan!
The profane servitor hits you with a +3 demon whip of freezing.
The Shining One protects you from harm!
The profane servitor hits you but does no damage.
The tainted leviathan misses you.
The tainted leviathan hits you but does no damage.
The putrid mouth howls a warning cry!
You take 24 damage, and have 5/249 hp.
You now have 26/39 mp.
You feel better.
The profane servitor hits you but does no damage. x2
The tainted leviathan hits you but does no damage. x2
The tainted leviathan barely misses you.
The tainted leviathan closely misses you.
The profane servitor hits you but does no damage. x2
The tainted leviathan hits you!!
You die...

#.... ..... #....#
#..... #..... #..>..
#.....##...# .. ..#
#..........# ####.. ..L
#....°○☼..## #.#L.....#
#....○CA○..###.W.. ....
#....§@CZ..##^..# .....
#.....##W..##..1##.....
#....# ##Z1{W..........
#.... #.°.....W∩......
#... ##..............
#... #...............
#.. #...##..........
#.. ##..##..........
..####.........


You could see a profane servitor, 2 tainted leviathans, a Tzitzimitl, 2 putrid
mouths, a spectral spriggan defender and a spectral juggernaut.

Vanquished Creatures
  Cerebov (Pan)
  5 pandemonium lords (Pan)
  the Royal Jelly (Slime:5)
  Lom Lobon (Pan)
  Mnoleg (Pan)
  Gloorx Vloq (Pan)
  Frederick (Crypt:1)
  2 ancient liches
  2 orbs of fire (Zot:2)
  A juggernaut (Depths:4)
  4 royal mummies
  Parghit (Depths:2)
  Bai Suzhen (Crypt:1)
  2 Killer Klowns (Zot:4)
  2 curse toes
  5 caustic shrikes
  9 golden dragons
  Geryon (Hell)
  5 bone dragons
  Nikola (Shoals:1)
  The ghost of Xavori the Spry, a veteran DjCK of Xom (Crypt:2)
  A profane servitor (Abyss:3)
  4 Brimstone Fiends (Pan)
  4 doom hounds
  17 tentacled monstrosities
  4 Ice Fiends (Pan)
  A Hell Sentinel (Pan)
  8 liches
  Mlioglotl (Snake:1)
  8 searing wretches (Depths:1)
  3 deep elf blademasters
  7 titans
  10 quicksilver dragons
  Grunn (Zot:1)
  A moon troll (WizLab)
  8 ancient champions
  A kraken (Shoals:3)
  2 deep elf master archers (Elf:3)
  7 acid blobs (Slime:5)
  6 death cobs
  15 sphinxes
  Kirke (Snake:1)
  11 tentacled starspawn
  Agnes (Elf:1)
  16 shadow dragons
  14 Executioners
  2 revenants
  10 protean progenitors
  Aizul (Snake:2)
  8 tengu reavers
  11 storm dragons
  15 fire giants
  7 demonspawn warmongers (Pan)
  6 azure jellies (Slime:5)
  Donald (Crypt:1)
  10 rockslimes
  7 nagarajas (Snake:4)
  5 draconian monks
  A nargun (Coc:1)
  7 draconian knights
  7 draconian shifters
  17 frost giants
  2 iron dragons (Vaults:5)
  2 ghost moths
  4 deep elf sorcerers
  32 balrugs
  2 deep elf elementalists
  6 draconian scorchers
  3 curse skulls
  Louise (Snake:1)
  12 vault wardens
  5 draconian stormcallers
  13 draconian annihilators
  10 cacodemons
  A broodmother (Zot:1)
  2 caustic shrike skeletons (Pan)
  17 reapers
  7 demonspawn blood saints (Pan)
  7 quicksilver oozes
  38 stone giants
  16 ironbound preservers
  3 orc warlords
  A formless jellyfish (Slime:5)
  8 ironbound thunderhulks
  6 demonspawn corrupters (Pan)
  3 juggernaut skeletons
  5 green draconians
  3 ghouls
  19 very ugly things
  12 demonspawn black suns (Pan)
  11 vampire knights
  10 yellow draconians
  A rockslime zombie (Crypt:2)
  A bennu (Tomb:1)
  10 black draconians
  24 purple draconians
  6 white draconians
  8 deep elf demonologists
  15 deep elf annihilators
  16 lorocyprocas
  8 spark wasps
  2 war gargoyles
  A wendigo (Depths:1)
  12 deep elf death magi
  8 red draconians
  21 dire elephants
  4 mummy priests (Tomb:1)
  13 green deaths (Pan)
  13 blizzard demons
  An iron golem (Depths:1)
  5 eidola
  A crystal guardian (WizLab)
  A merfolk javelineer (Depths:4)
  11 fire dragons
  9 jiangshi
  5 merfolk impalers
  8 yaktaur captains
  8 ettins
  5 ice dragons
  4 deep elf high priests
  3 entropy weavers
  2 salamander tyrants
  A fenstrider witch zombie (Hell)
  14 great orbs of eyes
  A peacekeeper (Vaults:3)
  A catoblepas (Lair:5)
  2 hell beasts
  2 radroaches (Zot:2)
  5 spriggan air magi
  3 spriggan skeletons
  12 anacondas
  3 jorogumos (Pan)
  6 hydras
  6 rakshasas
  10 boulder beetles
  A caustic shrike simulacrum (Hell)
  3 alligator snapping turtles
  5 merfolk avatars
  33 vault guards
  An alligator (Zot:1)
  A sphinx zombie (Crypt:2)
  4 ogre magi
  4 satyrs
  4 death knights
  12 centaur warriors
  9 two-headed ogres
  32 dancing weapons
  4 merfolk aquamancers
  A stoker (Hell)
  12 ironbound frosthearts
  4 deep troll earth magi
  4 tengu warriors
  4 death scarabs (Tomb:1)
  10 hell hogs
  4 deep troll shamans
  11 death yaks
  9 vampire magi
  4 demonic crawlers
  7 shock serpents
  15 naga sharpshooters
  2 occultists
  5 thrashing horrors (Abyss:3)
  An orc high priest (D:15)
  Urug (Lair:2)
  8 spriggan berserkers
  17 naga warriors
  98 sun demons
  33 soul eaters
  20 deep elf knights
  Amaemon (D:10)
  A storm dragon zombie (Tomb:1)
  7 skeletal warriors
  A skyshark (Shoals:1)
  3 titan skeletons
  23 hell knights
  The ghost of hikkokomori the Apothecary, a novice CoAl (D:7)
  A hellephant skeleton (Pan)
  8 sixfirhies
  6 wretched stars
  10 iron trolls
  A shadow wraith (Crypt:3)
  A quicksilver dragon simulacrum (Coc:1)
  Lodul (D:13)
  12 sea snakes
  6 salamander mystics
  9 deep elf archers
  2 orange crystal statues
  2 goliath frogs (Zot:2)
  27 large abominations
  13 glowing orange brains
  45 deep trolls
  6 bog bodies
  7 mana vipers
  17 sun moths (Pan)
  Pikel (D:7)
  8 flayed ghosts
  A shadow dragon zombie (Vaults:4)
  A mana viper (shapeshifter) (Vaults:5)
  7 naga ritualists
  4 thermic dynamos
  10 shadow demons (Pan)
  A spectral hydra (Tar:1)
  41 deep elf pyromancers
  4 lindwurms
  3 arcanists
  9 necromancers
  A bunyip skeleton (Crypt:1)
  17 ironbound convokers
  12 phantasmal warriors
  A steelbarb worm (shapeshifter) (Depths:4)
  16 orc knights
  Maurice (D:7)
  2 stone giant zombies
  22 harpies
  2 orc sorcerers
  26 deep elf zephyrmancers
  4 shining eyes
  A wolf spider (D:15)
  8 fauns
  3 worldbinders
  14 manticores
  A faun (shapeshifter) (Vaults:4)
  A shadow dragon skeleton (Crypt:2)
  A goliath frog skeleton (Crypt:3)
  A cyclops (shapeshifter) (Vaults:5)
  24 moths of wrath
  24 salamanders
  A shining eye (shapeshifter) (Vaults:4)
  44 ugly things
  15 elephants
  An elephant (shapeshifter) (Vaults:5)
  A black mamba (shapeshifter) (D:15)
  An eleionoma skeleton (Crypt:2)
  20 cyclopes
  12 guardian serpents
  33 black mambas
  14 merfolk sirens
  A guardian serpent (shapeshifter) (Depths:3)
  3 meliai (D:13)
  23 naga magi
  2 kobold blastminers (Orc:2)
  A molten gargoyle (Volcano)
  5 gargoyles
  9 vault sentinels
  2 dire elephant zombies
  5 water nymphs
  3 rust devils
  2 ice statues (Elf:3)
  31 smoke demons
  2 apocalypse crabs
  13 cane toads
  2 torpor snails
  11 eyes of devastation
  4 hellions
  2 yaktaur zombies
  8 orange demons
  Maggie (D:8)
  11 efreet
  An unseen horror (D:11)
  19 rime drakes
  A pale draconian zombie (Crypt:1)
  A bunyip simulacrum (Coc:1)
  An anaconda simulacrum (Crypt:2)
  4 kobold demonologists
  2 tormentors
  26 yaktaurs
  A redback zombie (Crypt:3)
  A black draconian skeleton (Crypt:2)
  A yellow draconian skeleton (Crypt:1)
  7 guardian mummies
  A yaktaur skeleton (Vaults:4)
  10 ice devils
  13 freezing wraiths
  10 red devils
  A spectral harpy (Tar:1)
  12 komodo dragons
  7 tengu conjurers
  3 ancient zymes
  A queen bee (shapeshifter) (D:15)
  A sea snake skeleton (Crypt:1)
  16 merfolk
  A troll (shapeshifter) (D:15)
  A silent spectre (Depths:2)
  A catoblepas skeleton (Crypt:3)
  13 hellwings
  17 trolls
  A shadow dragon simulacrum (Hell)
  28 polar bears
  23 wind drakes
  A death drake skeleton (Crypt:1)
  A hornet (D:9)
  2 harpy skeletons (Crypt:1)
  A raiju (shapeshifter) (Elf:1)
  4 dream sheep (Shoals:1)
  9 blink frogs
  12 snapping turtles
  3 raiju
  5 glass eyes
  An iron dragon simulacrum (Coc:1)
  An ettin skeleton (Crypt:3)
  18 ynoxinuls
  An air elemental (Elf:3)
  Sigmund (D:4)
  A guardian serpent skeleton (Crypt:2)
  5 shadows
  63 slime creatures
  A centaur simulacrum (Abyss:3)
  5 vampires
  12 water elementals
  An ice dragon skeleton (Abyss:2)
  11 basilisks
  8 wraiths
  8 ushabtiu (Tomb:1)
  2 dire elephant simulacra (Hell)
  2 hogs (Snake:1)
  4 fire bats (Volcano)
  A yak (shapeshifter) (D:14)
  Eustachio (D:6)
  2 fire elementals (Elf:2)
  14 starcursed masses
  3 wargs (Orc:2)
  3 steam dragons
  11 golden eyes
  The ghost of mitch45678 the Chopper, an amateur MDAE (D:3)
  Menkaure (Ossuary)
  23 neqoxecs
  58 yaks
  5 wyverns
  3 redbacks (Vaults:1)
  3 harpy simulacra
  38 nagas
  An acid dragon (D:9)
  17 chaos spawn
  6 vampire mosquitoes
  37 small abominations
  A two-headed ogre zombie (Crypt:1)
  19 water moccasins
  A two-headed ogre skeleton (Crypt:3)
  Duvessa (D:5)
  A merfolk skeleton (Crypt:3)
  19 hell hounds
  9 black bears
  53 orc warriors
  An ice beast (D:8)
  A black bear (shapeshifter) (D:15)
  43 laughing skulls
  24 ogres
  19 centaurs
  A swamp dragon skeleton (Crypt:1)
  An elephant skeleton (Crypt:3)
  25 wolves
  3 lemures (D:7)
  3 weeping skulls (Abyss:3)
  A rime drake skeleton (Crypt:1)
  2 human zombies
  7 kobold brigands
  3 elf zombies (Elf:1)
  12 bullfrogs
  5 earth elementals
  2 gnoll sergeants
  2 scorpions (D:6)
  5 wights (D:8)
  A water moccasin skeleton (Crypt:2)
  6 killer bees (D:9)
  A polar bear skeleton (Crypt:3)
  7 electric eels
  9 lava snakes
  2 crimson imps
  6 howler monkeys
  2 bombardier beetles
  A basilisk zombie (Crypt:1)
  2 hounds (D:5)
  15 orc priests
  A gnoll bouda (D:8)
  4 jellies
  A sleepcap (D:7)
  A bullfrog skeleton (Crypt:3)
  Terence (D:2)
  10 hell rats
  An iguana (D:6)
  20 orc wizards
  An ogre skeleton (Crypt:1)
  A hound zombie (Crypt:3)
  8 mummies
  A howler monkey zombie (Crypt:2)
  32 gnolls
  8 adders
  A white imp (D:7)
  A ribbon worm (D:2)
  114 orcs
  3 bats
  5 endoplasms
  6 giant cockroaches
  3 gnoll zombies (Ossuary)
  4 goblins
  5 hobgoblins
  3 jackals (D:5)
  16 kobolds
  A quokka (D:2)
  9 ball pythons
  2 frilled lizards
  3 gnoll skeletons (Ossuary)
  5 goblin skeletons
  4 goblin zombies (Ossuary)
  4 hobgoblin skeletons (Ossuary)
  4 hobgoblin zombies
  6 kobold skeletons (Ossuary)
  7 kobold zombies
  5 orc skeletons
  6 orc zombies
  8 rats
  4 rat skeletons (Ossuary)
  5 rat zombies (Ossuary)
  3 aspiring fleshes
  2 ball lightnings (Pan)
  16 butterflies (Elf:2)
  A fire vortex (Pan)
  2 lurking horrors
  11 starspawn tentacles
  4 tentacles (Shoals:3)
3332 creatures vanquished.

Vanquished Creatures (collateral kills)
  A sphinx (Tomb:1)
  A tentacled starspawn (WizLab)
  2 very ugly things (WizLab)
  A cacodemon (WizLab)
  A draconian annihilator (Pan)
  An orc warlord (Orc:1)
  A deep elf annihilator (Pan)
  A war gargoyle (Vaults:3)
  A bennu (Tomb:1)
  A green death (Pan)
  A blizzard demon (Pan)
  A merfolk javelineer (Shoals:4)
  A merfolk impaler (Shoals:4)
  A rakshasa (Pan)
  A death knight (D:13)
  3 merfolk aquamancers (Shoals:4)
  A phantasmal warrior (D:13)
  3 ugly things (WizLab)
  A cyclops (D:13)
  A vault sentinel (Vaults:4)
  2 yaktaurs (Vaults:4)
  A freezing wraith (D:13)
  An ushabti (Tomb:1)
  A centaur (D:13)
30 creatures vanquished.

Vanquished Creatures (others)
  A sphinx (Tomb:1)
  An eldritch tentacle (Pan)
  A fire giant (Vaults:5)
  A demonspawn corrupter (Pan)
  A rakshasa (Pan)
  A soul eater (Pan)
  2 sun demons (Pan)
  An air elemental (Elf:2)
  A slime creature (Vaults:4)
  A golden eye (WizLab)
  A human (Depths:2)
  An orc warrior (Vaults:5)
  6 hell rats (Hell)
  13 ball lightnings (Pan)
  A lurking horror (Abyss:3)
  22 starspawn tentacles
  4 tentacles (Shoals:3)
59 creatures vanquished.

Grand Total: 3421 creatures vanquished

Notes
Turn   | Place    | Note
-------+----------+-------------------------------------------
     0 | D:1      | gimp the Coglin Wanderer began the quest for the Orb.
     0 | D:1      | gimp set off with the following items: a +0 dagger
                  | {Sebastián}, a potion of berserk rage, a +0 leather armour,
                  | a +0 buckler; and the following spell memorised: Slow; and
                  | the following spells available to memorise: Jinxbite,
                  | Cigotuvi's Dreadful Rot, Static Discharge, Dimensional
                  | Bullseye.
     0 | D:1      | Reached XP level 1. HP: 13/13 MP: 4/4
    95 | D:1      | You fall into a shaft and drop 1 floor!
   128 | D:2      | Noticed Terence
   161 | D:2      | Reached skill level 1 in Fighting
   213 | D:2      | Reached XP level 2. HP: 16/21 MP: 5/5
   265 | D:2      | Reached skill level 1 in Axes
   378 | D:1      | Reached XP level 3. HP: 27/27 MP: 7/7
  1244 | D:2      | Found Qurphajo's General Store.
  1248 | D:2      | Bought a potion of curing for 36 gold pieces
  1368 | D:2      | Killed Terence
  1369 | D:2      | Reached XP level 4. HP: 6/34 MP: 8/8
  1946 | D:3      | Found a runed translucent gate.
  1946 | D:3      | Found a runed translucent gate.
  1946 | D:3      | Found a runed translucent gate.
  1948 | D:3      | Found an opulent altar of Gozag.
  1949 | D:3      | Noticed mitch45678's ghost (amateur MDAE)
  2105 | D:3      | Reached XP level 5. HP: 37/40 MP: 9/9
  2338 | D:3      | Found a faded altar of an unknown god.
  2870 | D:4      | Found a staircase to the Ecumenical Temple.
  2915 | Temple   | Entered the Ecumenical Temple
  2926 | Temple   | Became a worshipper of Trog the Wrathful
  3384 | D:4      | Found a glowing golden altar of the Shining One.
  3395 | D:4      | Reached XP level 6. HP: 47/47 MP: 10/10
  3416 | D:4      | Noticed Sigmund
  3422 | D:4      | Killed Sigmund
  3423 | D:4      | Reached skill level 5 in Axes
  3562 | D:5      | Entered Level 5 of the Dungeon
  3583 | D:5      | Reached XP level 7. HP: 35/54 MP: 11/11
  3704 | D:5      | Found a sand-covered staircase.
  3704 | D:5      | Noticed Duvessa
  3706 | D:5      | Noticed Dowan
  3714 | D:5      | Killed Duvessa
  3719 | D:5      | Dowan changed into Dowan the gnoll
  3719 | D:5      | Noticed Dowan
  3722 | D:5      | Killed Dowan the gnoll
  3768 | Ossuary  | Entered an ossuary
  3779 | Ossuary  | Reached * piety under Trog
  3937 | Ossuary  | Reached ** piety under Trog
  4034 | Ossuary  | Noticed Menkaure
  4040 | Ossuary  | Killed Menkaure
  4041 | Ossuary  | Reached skill level 5 in Fighting
  4041 | Ossuary  | Reached XP level 8. HP: 61/62 MP: 12/12
  4095 | Ossuary  | Reached XP level 9. HP: 68/68 MP: 13/13
  4384 | D:5      | Found Ceul Hurug's Jewellery Boutique.
  4724 | D:6      | Found a radiant altar of Vehumet.
  4902 | D:6      | Noticed Eustachio
  4930 | D:6      | Killed Eustachio
  4989 | D:6      | Found a hide-covered altar of Uskayaw.
  4989 | D:6      | Found an ancient bone altar of Kikubaaqudgha.
  4989 | D:6      | Found a stormy altar of Qazlal.
  4989 | D:6      | Found a broken altar of Ashenzari.
  5306 | D:7      | Noticed Pikel
  5326 | D:7      | Killed Pikel
  5411 | D:7      | Identified the +1 ring mail "Xughikai" {Str+6 Dex+3}
  5733 | D:7      | Reached XP level 10. HP: 51/76 MP: 14/14
  5978 | D:7      | Found a runed translucent door.
  5978 | D:7      | Noticed hikkokomori's ghost (novice CoAl)
  5990 | D:7      | Reached *** piety under Trog
  6075 | D:7      | Noticed Maurice
  6077 | D:7      | Maurice stole 2 throwing nets
  6079 | D:7      | Maurice stole a +2 flail of protection
  6082 | D:7      | Killed Maurice
  6619 | D:8      | Noticed Maggie
  6625 | D:8      | Killed Maggie
  7218 | D:8      | Found a burning altar of Makhleb.
  7233 | D:8      | Found a basalt altar of Yredelemnul.
  7233 | D:8      | Found a snail-covered altar of Cheibriados.
  8164 | D:9      | Reached **** piety under Trog
  8232 | D:9      | Reached XP level 11. HP: 68/84 MP: 15/15
  8263 | D:9      | Found a flagged portal.
  8336 | Bailey   | Entered a bailey
  8590 | Bailey   | Noticed an orc knight
  8603 | Bailey   | Killed an orc knight
  9180 | D:10     | Entered Level 10 of the Dungeon
  9183 | D:10     | Found a staircase to the Lair.
  9186 | D:10     | Reached ***** piety under Trog
  9383 | D:10     | Reached skill level 15 in Axes
  9619 | D:10     | Found a staircase to the Orcish Mines.
  9620 | D:10     | Found a roughly hewn altar of Beogh.
  9631 | D:10     | Noticed a two-headed ogre
  9639 | D:10     | Killed a two-headed ogre
  9784 | D:10     | Noticed a two-headed ogre
  9790 | D:10     | Killed a two-headed ogre
  9955 | D:10     | Received a gift from Trog
 10360 | D:2      | Bought the +3 pair of seven-league boots {Rampage+∞} for
                  | 480 gold pieces
 10360 | D:2      | Found the +3 pair of seven-league boots {Rampage+∞}
 10360 | D:2      | Bought a scroll of blinking for 90 gold pieces
 10360 | D:2      | Bought a scroll of teleportation for 36 gold pieces
 10923 | D:10     | Noticed a deep elf pyromancer
 10928 | D:10     | Noticed Amaemon
 10935 | D:10     | Killed Amaemon
 10935 | D:10     | Killed a deep elf pyromancer
 10936 | D:10     | Reached XP level 12. HP: 95/95 MP: 16/16
 11341 | D:11     | Noticed a two-headed ogre
 11348 | D:11     | Killed a two-headed ogre
 12418 | D:11     | Noticed a two-headed ogre
 12424 | D:11     | Killed a two-headed ogre
 12655 | D:12     | Found Tuwales's Weapon Boutique.
 12841 | D:12     | Found Varrarhy's Pet Rocks.
 13245 | Orc:1    | Entered Level 1 of the Orcish Mines
 13441 | Orc:2    | Entered Level 2 of the Orcish Mines
 13452 | Orc:2    | Noticed an orc warlord
 13749 | Orc:1    | Killed an orc warlord
 13920 | Orc:2    | Reached XP level 13. HP: 101/101 MP: 17/17
 13934 | Orc:2    | Found a staircase to the Elven Halls.
 14150 | Orc:2    | Received a gift from Trog
 14315 | Orc:2    | Reached skill level 10 in Fighting
 14501 | Orc:2    | Found Taumiyd's Jewellery Boutique.
 14501 | Orc:2    | Found Qoix's Weapon Emporium.
 14503 | Orc:2    | Found Sowyorph's Distillery.
 14505 | Orc:2    | Found Muemnin's Antique Armour Shop.
 14512 | Orc:2    | Bought a potion of might for 44 gold pieces
 14517 | Orc:2    | Bought a scorched scale mail for 333 gold pieces
 14517 | Orc:2    | Identified the +0 scale mail "Avidghuo" {Dex+5} (You bought
                  | it in a shop on level 2 of the Orcish Mines)
 14525 | Orc:2    | Bought a potion of curing for 33 gold pieces
 14525 | Orc:2    | Bought a potion of curing for 33 gold pieces
 14525 | Orc:2    | Bought a potion of curing for 33 gold pieces
 14768 | Orc:1    | Noticed an orc warlord
 15249 | Orc:1    | Killed an orc warlord
 15250 | Orc:1    | Reached skill level 5 in Evocations
 15547 | Orc:1    | Received a gift from Trog
 15786 | Lair:1   | Entered Level 1 of the Lair of Beasts
 15858 | Lair:1   | Identified the +2 robe of the Everdark {rPois Int+2 Stlth+}
 16741 | Lair:2   | Noticed Urug
 16752 | Lair:2   | Killed Urug
 16753 | Lair:2   | Reached XP level 14. HP: 109/113 MP: 18/18
 16788 | Lair:1   | Acquired an emergency samoflange {RevParry, rElec rC+}
 17627 | Lair:3   | Found a dark tunnel.
 17636 | Volcano  | Entered a volcano
 18069 | Volcano  | Found a radiant altar of Vehumet.
 18078 | Volcano  | Reached skill level 10 in Armour
 18398 | Lair:3   | Reached skill level 10 in Evocations
 18594 | Lair:3   | Found a shimmering blue altar of Sif Muna.
 18627 | Lair:3   | Found a staircase to the Snake Pit.
 18858 | Lair:3   | Found a staircase to the Shoals.
 19524 | Lair:4   | Received a gift from Trog
 19684 | Lair:4   | Identified the +6 chain mail of Indemnity {Str+3}
 19883 | Lair:5   | Entered Level 5 of the Lair of Beasts
 20060 | Lair:5   | Reached XP level 15. HP: 91/122 MP: 19/19
 20629 | Lair:5   | Found a staircase to the Slime Pits.
 20912 | Lair:5   | Received a gift from Trog
 22421 | D:13     | Noticed Lodul
 22434 | D:13     | Killed Lodul
 22563 | D:13     | Reached skill level 5 in Dodging
 22809 | D:13     | Identified the +4 ring mail of Responsibility {*Slow rF+
                  | Str+2}
 23319 | D:14     | Reached XP level 16. HP: 99/133 MP: 20/20
 23485 | D:14     | Found a gate to the Vaults.
 23955 | D:14     | Found the +8 frozen axe "Frostbite" {freeze, freezing
                  | cloud, *Noise Fly rC+}
 24395 | D:15     | Entered Level 15 of the Dungeon
 24589 | D:15     | Found Dead's Antique Weapon Emporium.
 24628 | D:15     | Reached ****** piety under Trog
 24704 | D:15     | Found a staircase to the Depths.
 24890 | D:15     | Found a transporter.
 24892 | D:15     | Identified the ring "Zyrakuob" {rElec EV+5 Int+3 Dex+3}
 25160 | D:15     | Reached skill level 15 in Evocations
 25221 | D:15     | Found a transporter.
 25234 | D:15     | Reached skill level 15 in Fighting
 25307 | D:15     | Identified the ring "Uzxyimeo" {rPois rN++ Int+6 Dex-4
                  | SInv}
 25843 | D:15     | Found Heiqov's Antique Armour Emporium.
 25953 | D:15     | Noticed a tengu reaver
 25958 | D:15     | Received a gift from Trog
 25961 | D:15     | Killed a tengu reaver
 26335 | D:15     | Found Zustith's Book Emporium.
 26344 | D:15     | Bought a manual of Axes for 1600 gold pieces
 26729 | D:3      | Killed mitch45678's ghost
 26856 | D:7      | Killed hikkokomori's ghost
 26857 | D:7      | Reached XP level 17. HP: 134/144 MP: 21/21
 27303 | Snake:1  | Entered Level 1 of the Snake Pit
 27507 | Snake:1  | Noticed Mlioglotl
 27619 | Snake:1  | Noticed a tentacled starspawn
 27624 | Snake:1  | Killed Mlioglotl
 27875 | Snake:1  | Identified the +0 tower shield of the Lobster {Will+}
 27875 | Snake:1  | Noticed Louise
 27880 | Snake:1  | Killed Louise
 28379 | Snake:1  | Noticed Kirke
 28388 | Snake:1  | Killed Kirke
 28687 | Snake:2  | Identified the serpent talisman of Beyond {Str+2}
 28687 | Snake:2  | Noticed Aizul
 28697 | Snake:2  | Killed Aizul
 28969 | Snake:2  | Received a gift from Trog
 29637 | Snake:3  | Found a flickering gateway to a bazaar.
 29644 | Bazaar   | Entered a bazaar
 29698 | Bazaar   | Found Yruger's Book Shop.
 29711 | Bazaar   | Found Tuveloili's Antique Weapon Boutique.
 29711 | Bazaar   | Found Poida's Distillery.
 29749 | Bazaar   | Found Teahir's Armour Shop.
 29788 | Bazaar   | Bought a potion of curing for 30 gold pieces
 29788 | Bazaar   | Bought a potion of curing for 30 gold pieces
 29788 | Bazaar   | Bought a potion of invisibility for 80 gold pieces
 30939 | Snake:4  | Entered Level 4 of the Snake Pit
 31891 | Snake:4  | Reached XP level 18. HP: 104/156 MP: 22/22
 32194 | Snake:3  | Reached skill level 15 in Armour
 33417 | Snake:4  | Received a gift from Trog
 35504 | Snake:4  | Received a gift from Trog
 35931 | Snake:4  | Found an iron altar of Okawaru.
 35943 | Snake:4  | Got a serpentine rune of Zot
 36105 | Shoals:1 | Entered Level 1 of the Shoals
 36496 | Shoals:1 | HP: 8/160 [alligator snapping turtle (41)]
 36884 | Shoals:1 | Noticed Nikola
 36898 | Shoals:1 | Killed Nikola
 37072 | Shoals:1 | Reached XP level 19. HP: 167/167 MP: 23/23
 37723 | Shoals:2 | Received a gift from Trog
 38244 | Shoals:2 | Found Moxko's Magic Scroll Boutique.
 38348 | Shoals:2 | Bought a scroll of enchant weapon for 112 gold pieces
 38348 | Shoals:2 | Bought a scroll of blinking for 112 gold pieces
 38348 | Shoals:2 | Bought a scroll of fog for 60 gold pieces
 39458 | Shoals:3 | Received a gift from Trog
 39885 | Shoals:4 | Entered Level 4 of the Shoals
 39885 | Shoals:4 | Found Piptiv's Assorted Antiques.
 39889 | Shoals:4 | Bought a potion of curing for 84 gold pieces
 39889 | Shoals:4 | Bought a potion of heal wounds for 140 gold pieces
 40396 | Shoals:4 | Identified the +2 dagger of Awkis {freeze, rF+ Will+}
 40843 | Shoals:4 | Identified the +8 halberd of Mouloop {protect, +Blink
                  | Str+4}
 41635 | Shoals:4 | Got a barnacled rune of Zot
 41905 | Vaults:1 | Entered Level 1 of the Vaults
 42142 | Vaults:1 | Received a gift from Trog
 42486 | Vaults:1 | Reached XP level 20. HP: 165/178 MP: 24/24
 42521 | Vaults:1 | Reached XP level 21. HP: 184/184 MP: 25/25
 42731 | Vaults:1 | Found Pedyamic's Distillery.
 42744 | Vaults:1 | Bought a potion of ambrosia for 112 gold pieces
 42744 | Vaults:1 | Bought a potion of resistance for 140 gold pieces
 42744 | Vaults:1 | Bought a potion of resistance for 140 gold pieces
 43675 | Vaults:1 | Found Kybboss's Weapon Shoppe.
 44133 | Vaults:2 | Received a gift from Trog
 44322 | Vaults:2 | You fall into a shaft and drop 1 floor!
 44378 | Vaults:3 | Found a magical portal.
 44423 | WizLab   | Entered Lehudib's Moon Base
 45289 | WizLab   | Found a transporter.
 45770 | WizLab   | Received a gift from Trog
 45889 | WizLab   | Found a transporter.
 46122 | WizLab   | Identified the +1 helmet of Resilience {+Inv Str+5 Int-3
                  | Stlth+}
 46566 | WizLab   | Identified the amulet "Teubuh" {Acrobat +Blink rN+ Int+3}
 46621 | WizLab   | Identified the ring "Leovythre" {rElec rCorr Int-4 Dex+3}
 46837 | Vaults:2 | Reached XP level 22. HP: 196/196 MP: 26/26
 46857 | Vaults:2 | Found a staircase to the Crypt.
 46864 | Vaults:2 | Identified the +1 robe of the Merchant {Int+5}
 47147 | Vaults:2 | Identified the +0 leather armour of Beciag Sies {*Slow
                  | rElec rPois Str+4 Dex-3}
 47346 | Vaults:3 | Identified the +8 arbalest "Aneygy" {drain, rF+ Will+
                  | Int+3}
 47367 | Vaults:3 | Identified the staffair "Huycoc" {rElec Summ Air}
 47649 | Vaults:3 | Found Myisyor's Book Shoppe.
 48192 | Vaults:3 | Received a gift from Trog
 50703 | Elf:1    | Entered Level 1 of the Elven Halls
 50713 | Elf:1    | Received a gift from Trog
 51070 | Elf:1    | Noticed Agnes
 51080 | Elf:1    | Killed Agnes
 51297 | Elf:1    | Found Soplur's Antique Weapon Emporium.
 51455 | Elf:1    | Reached XP level 23. HP: 207/207 MP: 27/27
 51974 | Elf:1    | Found a portal to a secret trove of treasure.
 52335 | Elf:2    | Identified the +1 ring mail of Compassion {^Contam rN+
                  | Int+9 Slay+2}
 52374 | Elf:2    | Received a gift from Trog
 52688 | Elf:2    | Found a runed translucent gate.
 52688 | Elf:2    | Found a runed translucent gate.
 52699 | Elf:2    | Found a runed translucent gate.
 52725 | Elf:2    | Found a huge runed translucent gate.
 52725 | Elf:2    | Found a huge runed translucent gate.
 52725 | Elf:2    | Found a huge runed translucent gate.
 52725 | Elf:2    | Found a huge runed translucent gate.
 52725 | Elf:2    | Found a huge runed translucent gate.
 52725 | Elf:2    | Found a huge runed translucent gate.
 52725 | Elf:2    | Found a huge runed translucent gate.
 52725 | Elf:2    | Found a huge runed translucent gate.
 52725 | Elf:2    | Found a huge runed translucent gate.
 52725 | Elf:2    | Found a huge runed translucent gate.
 52809 | Elf:2    | Found a huge runed translucent gate.
 52809 | Elf:2    | Found a huge runed translucent gate.
 52810 | Elf:2    | Found a huge runed translucent gate.
 52810 | Elf:2    | Found a huge runed translucent gate.
 52810 | Elf:2    | Found a huge runed translucent gate.
 52811 | Elf:2    | Found a huge runed translucent gate.
 52815 | Elf:2    | Found a huge runed translucent gate.
 52824 | Elf:2    | Found a huge runed translucent gate.
 52838 | Elf:2    | Found a huge runed translucent gate.
 52838 | Elf:2    | Found a huge runed translucent gate.
 52838 | Elf:2    | Found a huge runed translucent gate.
 52839 | Elf:2    | Found a huge runed translucent gate.
 52840 | Elf:2    | Found a huge runed translucent gate.
 52841 | Elf:2    | Found a huge runed translucent gate.
 52841 | Elf:2    | Found a huge runed translucent gate.
 52845 | Elf:2    | Found a huge runed translucent gate.
 52886 | Elf:2    | Found a huge runed translucent gate.
 52887 | Elf:2    | Found a huge runed translucent gate.
 52947 | Elf:2    | Found a huge runed translucent gate.
 52947 | Elf:2    | Found a huge runed translucent gate.
 52950 | Elf:2    | Found a huge runed translucent gate.
 52950 | Elf:2    | Found a huge runed translucent gate.
 52950 | Elf:2    | Found a huge runed translucent gate.
 52950 | Elf:2    | Found a huge runed translucent gate.
 52953 | Elf:2    | Found a huge runed translucent gate.
 52954 | Elf:2    | Found a huge runed translucent gate.
 53309 | Elf:3    | Entered Level 3 of the Elven Halls
 53394 | Elf:3    | Found a glacial archway.
 53447 | IceCv    | Entered an ice cave
 53618 | IceCv    | Received a gift from Trog
 54537 | Elf:3    | Identified the +7 war axe "Mipsenie" {heavy, rF+ rCorr
                  | Str+2 Dex+2} (Trog gifted it to you on level 3 of the Elven
                  | Halls)
 54537 | Elf:3    | Received a gift from Trog
 54837 | Elf:3    | Found a bloodstained altar of Trog.
 55303 | Elf:3    | Identified the ring of Wu Jian's Hatred {rF++ rN+ Int+3
                  | Dex+2}
 55309 | Abyss:2  | Cast into level 2 of the Abyss (a deep elf demonologist)
 55715 | Abyss:2  | Received a gift from Trog
 55717 | Elf:3    | Escaped the Abyss
 55922 | Elf:3    | Identified the +9 flail of the Elven Halls {holy, rElec
                  | Int+5}
 56062 | Elf:3    | Reached skill level 10 in Dodging
 56103 | Elf:3    | Found the +1 eveningstar "Brilliance" {foul flame, Umbra}
 56104 | Elf:3    | Identified the +9 plate armour "Eczicask" {-Cast rN+ rCorr}
 56517 | Elf:3    | Identified the +5 dagger "Wusik Moemu" {antimagic, Str+2}
 56579 | Elf:3    | Reached XP level 24. HP: 214/220 MP: 27/27
 56904 | Depths:1 | Entered Level 1 of the Depths
 56924 | Depths:1 | Found a shadowy altar of Dithmenos.
 57162 | Depths:1 | Identified the +0 buckler of Follow the Leader {rN+}
 57182 | Depths:1 | Found a one-way gateway to a ziggurat.
 57648 | Depths:1 | Found a gateway to Hell.
 57710 | Depths:2 | Received a gift from Trog
 58016 | Depths:2 | Found a one-way gate leading to the halls of Pandemonium.
 58746 | Depths:2 | Found a runed door.
 58820 | Depths:2 | Found Zularitu's Jewellery Shoppe.
 58822 | Depths:2 | Found Imayno's Book Boutique.
 58823 | Depths:2 | Found Aseushe's Jewellery Shoppe.
 58997 | Depths:3 | Noticed Parghit
 59009 | Depths:2 | Killed Parghit
 59291 | Depths:3 | Found a transporter.
 59293 | Depths:3 | Found a corrupted altar of Lugonu.
 59352 | Depths:3 | Found a one-way gate to the infinite horrors of the Abyss.
 59415 | Depths:2 | Identified the staffdeath of Uquuzxawk {rN+ rCorr Dex+3
                  | Necro}
 59416 | Depths:2 | Identified the +0 quarterstaff "Blob" {flame, Fly rN+}
 59726 | Depths:3 | Received a gift from Trog
 59837 | Depths:3 | Found a transporter.
 59871 | Depths:4 | Entered Level 4 of the Depths
 59938 | Depths:4 | Noticed a juggernaut
 59942 | Depths:4 | Noticed a caustic shrike
 60082 | Depths:4 | Killed a juggernaut
 60169 | Depths:4 | Noticed a caustic shrike
 60175 | Depths:4 | Noticed a caustic shrike
 60176 | Depths:4 | Noticed a caustic shrike
 60176 | Depths:4 | Noticed a caustic shrike
 60182 | Depths:3 | Killed a caustic shrike
 60306 | Depths:4 | Killed a caustic shrike
 60307 | Depths:4 | Killed a caustic shrike
 60312 | Depths:4 | Killed a caustic shrike
 60313 | Depths:4 | Reached XP level 25. HP: 230/230 MP: 27/27
 60619 | Depths:4 | Found a gate to the Realm of Zot.
 60656 | Depths:4 | Found an opulent altar of Gozag.
 61367 | D:4      | Fell from the grace of Trog
 61367 | D:4      | Became a worshipper of the Shining One
 61747 | Crypt:1  | Entered Level 1 of the Crypt
 61793 | Crypt:1  | Identified the orb of the Known World {*channel, Str-2
                  | Slay+6 SInv Air}
 61793 | Crypt:1  | Noticed Frederick
 61799 | Crypt:1  | Reached * piety under the Shining One
 61803 | Crypt:1  | Killed Frederick
 61805 | Crypt:1  | Reached skill level 1 in Invocations
 61982 | Crypt:1  | Reached ** piety under the Shining One
 62211 | Crypt:1  | Paralysed by Trog for 6 turns
 62263 | Crypt:1  | Noticed Bai Suzhen
 62263 | Crypt:1  | Noticed Donald
 62266 | Crypt:1  | Killed Donald
 62270 | Crypt:1  | Killed Bai Suzhen
 62536 | Crypt:1  | Reached *** piety under the Shining One
 63003 | Crypt:2  | Paralysed by Trog for 5 turns
 63034 | Crypt:2  | Reached **** piety under the Shining One
 63198 | Crypt:2  | Reached ***** piety under the Shining One
 63210 | Crypt:2  | Found a runed translucent door.
 63211 | Crypt:2  | Noticed Xavori's ghost (veteran DjCK)
 63579 | Crypt:3  | Entered Level 3 of the Crypt
 63764 | Crypt:2  | Found an ancient bone altar of Kikubaaqudgha.
 63804 | Crypt:3  | Found a staircase to the Tomb.
 63831 | Crypt:3  | Reached ****** piety under the Shining One
 63922 | Crypt:3  | Identified the stafffire "Tiqyung" {rF+ Str+3 SInv Fire}
 63922 | Crypt:3  | Identified the death talisman of Ycwaen {Will+ MP+9 Slay+2
                  | Stlth-}
 63935 | Crypt:3  | Found an ancient bone altar of Kikubaaqudgha.
 63936 | Crypt:3  | Found a basalt altar of Yredelemnul.
 63936 | Crypt:3  | Noticed a royal mummy
 63944 | Crypt:3  | Killed a royal mummy
 64257 | Crypt:3  | Identified the +1 bardiche of the Snake Pit {drain, MP+9}
 64281 | Crypt:3  | Found the +12 glaive of Prune {freeze, Prune}
 64423 | Crypt:3  | Reached skill level 27 in Fighting
 64795 | Crypt:3  | Identified a +8 broad axe of holy wrath {Tepiltzin} (a +6
                  | broad axe of electrocution {Tepiltzin} blessed by the
                  | Shining One)
 64795 | Crypt:3  | Received a gift from the Shining One
 65158 | Slime:1  | Entered Level 1 of the Pits of Slime
 65594 | Slime:5  | Entered Level 5 of the Pits of Slime
 65955 | Slime:5  | Reached skill level 5 in Invocations
 66030 | Slime:5  | Found a viscous altar of Jiyva.
 66031 | Slime:5  | Found the amulet of Vitality {Regen++ RegenMP++}
 66031 | Slime:5  | Noticed the Royal Jelly
 66054 | Slime:5  | Killed the Royal Jelly
 66055 | Slime:5  | Reached XP level 26. HP: 190/242 MP: 27/27
 66080 | Slime:5  | Found the necklace of Bloodlust {Fury *Rage Will++ Int-3
                  | Slay+6}
 66093 | Slime:5  | Identified the +9 halberd "Ungiugginlu" {venom, rPois rCorr
                  | Str+2}
 66094 | Slime:5  | Identified the amulet of Idayfel {Faith rPois rC+ Dex+2}
 66148 | Slime:5  | Got a slimy rune of Zot
 66204 | Slime:5  | Got Sif Muna's Information on Detritus
 66689 | Zot:1    | Entered Level 1 of the Realm of Zot
 66689 | Zot:1    | Noticed Grunn
 66716 | Zot:1    | Killed Grunn
 67517 | Zot:1    | You fall into a shaft and drop 1 floor!
 67808 | Zot:1    | Paralysed by Trog for 2 turns
 68099 | Zot:2    | Reached skill level 10 in Invocations
 68551 | Zot:2    | Noticed an orb of fire
 68557 | Zot:2    | Killed an orb of fire
 68738 | Zot:2    | Got Yvur's Compendium of Lightning
 68994 | Zot:2    | Identified the +2 halberd "Tagah" {freeze, rPois Dex+5}
 69733 | Zot:2    | Noticed an orb of fire
 69738 | Zot:2    | Gained mutation: You occasionally lose the ability to drink
                  | potions when taking damage. [an orb of fire]
 69741 | Zot:2    | Gained mutation: You sometimes lose the ability to drink
                  | potions when taking damage. [an orb of fire]
 69742 | Zot:2    | Killed an orb of fire
 69743 | Zot:2    | Reached XP level 27. HP: 198/249 MP: 31/31
 70100 | Zot:3    | Identified a scroll of acquirement
 70106 | Zot:3    | Acquired 799 gold pieces
 70362 | Zot:3    | Acquired a manual of Dodging
 71548 | Zot:4    | Identified the +4 scale mail "Bojutu" {Dex+5}
 71743 | Zot:5    | Entered Level 5 of the Realm of Zot
 72045 | Hell     | Entered the Vestibule of Hell
 72045 | Hell     | Noticed Geryon
 73018 | Depths:1 | Was forgiven by Trog
 73518 | Hell     | Reached skill level 15 in Invocations
 73534 | Hell     | Killed Geryon
 73557 | Hell     | Found a gateway to the Iron City of Dis.
 73607 | Hell     | Found a gateway to the freezing wastes of Cocytus.
 73722 | Hell     | Found a gateway to the decaying netherworld of Tartarus.
 73781 | Hell     | Found a gateway to the ashen valley of Gehenna.
 74244 | Abyss:3  | Cast into level 3 of the Abyss (+7 lajatang of distortion)
 74376 | Abyss:3  | Gained mutation: You are vulnerable to cold. (rC-) [a
                  | neqoxec]
 74663 | Elf:2    | Escaped the Abyss
 75520 | Elf:1    | You paid a toll of a +7 demon trident to enter a treasure
                  | trove
 75521 | Trove    | Entered a treasure trove
 75533 | Trove    | Identified the +0 flail "Dycoga" {spect, rC+ Will+}
 75534 | Trove    | Identified the +1 hand axe "Raisad" {venom, *Noise +Blink
                  | rN+ SInv Stlth+}
 75536 | Trove    | Identified the +1 war axe "Cutiveuca" {spect, Str+3}
 75570 | Trove    | Identified the +1 shortbow of Accord {freeze, Stlth+}
 75957 | Lair:5   | Found a burning altar of Makhleb.
 76345 | Crypt:2  | Killed Xavori's ghost
 76701 | Depths:2 | Noticed an ancient lich
 76705 | Depths:2 | Killed an ancient lich
 76707 | Depths:2 | Identified the +11 mace of Boni {protect, rElec rPois MP-9
                  | Stlth+}
 76707 | Depths:2 | Identified the orb of Free Expression {guile, Rampage
                  | Str+2}
 76707 | Depths:2 | Identified the ring of Vunkinge {Wiz *Slow rC++ rN+ Stlth-}
 76742 | Depths:2 | Found the +10 Black Knight's barding {ponderous, rPois rN+}
 76758 | Depths:2 | Acquired 479 gold pieces
 76855 | Pan      | Entered Pandemonium
 76876 | Pan      | Noticed Wuenarigg the pandemonium lord
 76888 | Pan      | Killed Wuenarigg the pandemonium lord
 77087 | Pan      | Found an exit through the horrors of the Abyss.
 77491 | Pan      | Entered the realm of Cerebov.
 77493 | Pan      | Found the +6 sword of Cerebov {flame}
 77493 | Pan      | Noticed Cerebov
 78559 | Pan      | Identified the +1 leather armour "Obrearyf" {Int+4}
 78571 | Pan      | Identified the +0 spear "Petytiwk" {speed, rF+++}
 78602 | Pan      | Identified the +5 ice dragon scales of Panaotan {rPois rF-
                  | rC++ Str+2}
 78673 | Pan      | Identified the +5 scale mail of Precision Catastrophes
                  | {Will++ rCorr}
 78698 | Pan      | Identified the +7 quarterstaff of the Oracle {antimagic,
                  | Fly rN+ rCorr}
 78698 | Pan      | Identified the ring "Zenaoph" {rPois rCorr Int-2 Dex+3}
 78711 | Pan      | Identified the orb of the Other Side {guile, rCorr Earth}
 78712 | Pan      | Identified the +9 dagger of Diet Blood {antimagic, rElec
                  | rN+++ Dex+3}
 78885 | Pan      | Killed Cerebov
 79158 | Pan      | Got a fiery rune of Zot
 79330 | Pan      | Noticed Ihyzam the pandemonium lord
 79349 | Pan      | Killed Ihyzam the pandemonium lord
 79352 | Pan      | Gained mutation: You have hidden genetic defects. [a
                  | neqoxec]
 79650 | Pan      | Found an exit through the horrors of the Abyss.
 80081 | Pan      | Gained mutation: Your health recovers twice as slowly from
                  | being drained. [a neqoxec]
 80118 | Depths:2 | Escaped Pandemonium
 80120 | Pan      | Entered the realm of Lom Lobon.
 80120 | Pan      | Entered Pandemonium
 80135 | Pan      | Gained mutation: Your magical capacity is low. (-10% MP)
                  | [hidden defects]
 80193 | Pan      | Found an exit through the horrors of the Abyss.
 80754 | Pan      | Paralysed by a jorogumo for 1 turns
 80756 | Pan      | Gained mutation: Your spells are a little easier to cast,
                  | but a little less powerful. [hidden defects]
 80756 | Pan      | Lost mutation: You have hidden genetic defects. [hidden
                  | defects expressed]
 80758 | Pan      | Noticed Lom Lobon
 80784 | Pan      | Killed Lom Lobon
 80869 | Pan      | Got a magical rune of Zot
 81410 | Pan      | Found an exit through the horrors of the Abyss.
 81423 | Pan      | Noticed Rilut the pandemonium lord
 81433 | Pan      | Killed Rilut the pandemonium lord
 81803 | Pan      | Got a demonic rune of Zot
 81815 | Pan      | Entered the realm of Gloorx Vloq.
 81815 | Pan      | Noticed Gloorx Vloq
 81826 | Pan      | Killed Gloorx Vloq
 81914 | Pan      | Got a dark rune of Zot
 82315 | Pan      | Found an exit through the horrors of the Abyss.
 82365 | Pan      | Reached skill level 27 in Armour
 82528 | Pan      | Noticed Fakuej the pandemonium lord
 82540 | Pan      | Killed Fakuej the pandemonium lord
 82726 | Depths:2 | Escaped Pandemonium
 82843 | D:12     | Bought the +5 hand axe of Uncertain Death {flame, Fly rF+
                  | Str-5} for 504 gold pieces
 82958 | Pan      | Entered Pandemonium
 82958 | Pan      | Found an exit through the horrors of the Abyss.
 83012 | Pan      | Identified the +7 chain mail of Aluwof {+Blink rF- rCorr
                  | Int+2}
 83178 | Pan      | Noticed Xyili the pandemonium lord
 83184 | Pan      | Killed Xyili the pandemonium lord
 83209 | Pan      | Entered the realm of Mnoleg.
 83250 | Pan      | Gained mutation: You are dopey. (Int -2) [a cacodemon]
 83436 | Pan      | Found an exit through the horrors of the Abyss.
 83673 | Pan      | Noticed Mnoleg
 83705 | Pan      | Killed Mnoleg
 83787 | Pan      | Got a glowing rune of Zot
 83840 | Pan      | Gained mutation: You have hidden genetic defects. [a
                  | cacodemon]
 83890 | Pan      | Gained mutation: You are very dopey. (Int -4) [a neqoxec]
 84142 | Pan      | Lost mutation: You are very dopey. (Int -4) [potion of
                  | mutation]
 84142 | Pan      | Lost mutation: You are dopey. (Int -2) [potion of mutation]
 84142 | Pan      | Gained mutation: Your flesh is heat resistant. (rF+)
                  | [potion of mutation]
 84142 | Pan      | Gained mutation: You occasionally lose the ability to read
                  | scrolls when taking damage. [potion of mutation]
 84142 | Pan      | Gained mutation: You are partially covered in iridescent
                  | scales. (AC +2) [potion of mutation]
 84143 | Pan      | Lost mutation: You have hidden genetic defects. [potion of
                  | mutation]
 84143 | Pan      | Lost mutation: Your health recovers twice as slowly from
                  | being drained. [potion of mutation]
 84143 | Pan      | Lost mutation: You sometimes lose the ability to drink
                  | potions when taking damage. [potion of mutation]
 84143 | Pan      | Gained mutation: You are clumsy. (Dex -2) [potion of
                  | mutation]
 84144 | Pan      | Lost mutation: Your magical capacity is low. (-10% MP)
                  | [potion of mutation]
 84144 | Pan      | Lost mutation: Your flesh is heat resistant. (rF+) [potion
                  | of mutation]
 84144 | Pan      | Lost mutation: You are vulnerable to cold. (rC-) [potion of
                  | mutation]
 84144 | Pan      | Gained mutation: You are mostly covered in iridescent
                  | scales. (AC +4) [potion of mutation]
 84144 | Pan      | Gained mutation: You expend magic power (3 MP) to
                  | strengthen your wands. [potion of mutation]
 84145 | Pan      | Lost mutation: You occasionally lose the ability to drink
                  | potions when taking damage. [potion of mutation]
 84145 | Pan      | Lost mutation: Your spells are a little easier to cast, but
                  | a little less powerful. [potion of mutation]
 84145 | Pan      | Lost mutation: You are mostly covered in iridescent scales.
                  | (AC +4) [potion of mutation]
 84145 | Pan      | Gained mutation: You are resistant to electric shocks.
                  | (rElec) [potion of mutation]
 84145 | Pan      | Lost mutation: You are clumsy. (Dex -2) [potion of
                  | mutation]
 84145 | Pan      | Gained mutation: You are mostly covered in iridescent
                  | scales. (AC +4) [potion of mutation]
 84146 | Pan      | Lost mutation: You are resistant to electric shocks.
                  | (rElec) [potion of mutation]
 84146 | Pan      | Lost mutation: You occasionally lose the ability to read
                  | scrolls when taking damage. [potion of mutation]
 84146 | Pan      | Lost mutation: You are mostly covered in iridescent scales.
                  | (AC +4) [potion of mutation]
 84146 | Pan      | Gained mutation: Potions are less effective at restoring
                  | your health. [potion of mutation]
 84146 | Pan      | Gained mutation: You have a pair of small horns on your
                  | head. [potion of mutation]
 84160 | Pan      | Took an exit into the Abyss.
 84160 | Abyss:3  | Escaped into the Abyss
 84184 | Abyss:3  | Gained mutation: You occasionally lose the ability to read
                  | scrolls when taking damage. [a shining eye]
 84185 | Abyss:3  | Gained mutation: You occasionally lose the ability to drink
                  | potions when taking damage. [a shining eye]
 84272 | Abyss:3  | Got an abyssal rune of Zot
 84328 | Depths:2 | Escaped the Abyss
 84329 | Depths:2 | Lost mutation: Potions are less effective at restoring your
                  | health. [potion of mutation]
 84329 | Depths:2 | Lost mutation: You are partially covered in iridescent
                  | scales. (AC +2) [potion of mutation]
 84329 | Depths:2 | Lost mutation: You expend magic power (3 MP) to strengthen
                  | your wands. [potion of mutation]
 84329 | Depths:2 | Gained mutation: You sometimes lose the ability to drink
                  | potions when taking damage. [potion of mutation]
 84329 | Depths:2 | Gained mutation: You sometimes lose the ability to read
                  | scrolls when taking damage. [potion of mutation]
 84330 | Depths:2 | Lost mutation: You sometimes lose the ability to read
                  | scrolls when taking damage. [potion of mutation]
 84330 | Depths:2 | Lost mutation: You occasionally lose the ability to read
                  | scrolls when taking damage. [potion of mutation]
 84330 | Depths:2 | Gained mutation: You occasionally lose the ability to read
                  | scrolls when taking damage. [potion of mutation]
 84331 | Depths:2 | Lost mutation: You sometimes lose the ability to drink
                  | potions when taking damage. [potion of mutation]
 84331 | Depths:2 | Lost mutation: You occasionally lose the ability to read
                  | scrolls when taking damage. [potion of mutation]
 84331 | Depths:2 | Lost mutation: You have a pair of small horns on your head.
                  | [potion of mutation]
 84331 | Depths:2 | Gained mutation: You occasionally shout uncontrollably at
                  | your foes. [potion of mutation]
 84331 | Depths:2 | Gained mutation: Your mind is acute. (Int +4, Str/Dex -1)
                  | [potion of mutation]
 84653 | Vaults:5 | Entered Level 5 of the Vaults
 85154 | Vaults:5 | Identified the +0 battleaxe "Xufaw" {venom, Int+4}
 85279 | Vaults:5 | Acquired the +2 pair of boots "Nuonn" {rElec rC+ MP+9}
 85481 | Vaults:5 | Paralysed by a sphinx for 4 turns
 85506 | Vaults:5 | Found Noxuejull's Antique Armour Boutique.
 85514 | Vaults:5 | Identified the +1 ring mail of Undesirable Species {+Inv
                  | Int+4 SInv}
 85982 | Vaults:5 | Noticed an ancient lich
 85999 | Vaults:5 | Killed an ancient lich
 86265 | Vaults:5 | Got a silver rune of Zot
 86416 | Vaults:5 | Found Qinaugej's Antique Armour Shoppe.
 86837 | Coc:1    | Entered Level 1 of Cocytus
 87150 | Tomb:1   | Entered Level 1 of the Tomb of the Ancients
 87741 | Tomb:1   | Identified the +9 long sword of Brutal Revenge {spect,
                  | Stlth+}
 87813 | Tomb:1   | Noticed a royal mummy
 87822 | Tomb:1   | Noticed a royal mummy
 87825 | Tomb:1   | Killed a royal mummy
 87828 | Tomb:1   | Noticed a royal mummy
 87831 | Tomb:1   | Killed a royal mummy
 87832 | Tomb:1   | Killed a royal mummy
 87836 | Tomb:1   | Noticed a royal mummy
 87837 | Tomb:1   | Noticed a royal mummy
 88410 | Tar:1    | Entered Level 1 of Tartarus
 88410 | Tar:1    | Noticed a dread lich
 88428 | Tar:1    | HP: 5/249 [poisoned by a tainted leviathan (dark miasma)]
 88428 | Tar:1    | The Shining One protects you from harm!
 88429 | Tar:1    | Slain by a tainted leviathan

Illustrated notes

Levels and vault maps discovered:
D:1:      kilobyte_arrival_exit_the_forest, layout_loops_ring
D:2:      layout_loops_ring, serial_shops, nicolae_shop_back_alley_shop,
          uniq_terence
D:3:      layout_basic, ebering_ghost_gozag, dreamdust_ecumenical_altar_grove
D:4:      layout_loops_ring, nicolae_tso_besieged_by_evil,
          minmay_temple_entry_grid, hangedman_abyss_or_decor_slice,
          nicolae_figureground_pulse, uniq_sigmund
D:5:      layout_loops_cross, nicolae_ossuary_entry_ruins, serial_shops,
          kennysheep_little_box, minivault_11, uniq_duvessa
D:6:      layout_rooms, vehumet_altar_wand_db, grunt_temple_overflow_cloverleaf,
          uniq_eustachio, uniq_menkaure
D:7:      layout_loops_corners, gammafunk_ghost_grave, uniq_maurice, uniq_pikel
D:8:      layout_layer_cave, gammafunk_temple_overflow_wave,
          mainiacjoe_overflow_cross_hatched, st_stairs_9, uniq_maggie
D:9:      layout_roguey [special_room_orc], enter_bailey_2
D:10:     layout_rooms, minmay_lair_entry_grove, david_orc_5,
          hangedman_abyss_or_decor_lesser_grid,
          serial_library_regret_index_headful, uniq_amaemon
D:11:     layout_loops_corners, serial_bayou, serial_bayou_pond_a,
          serial_bayou_pond_a, serial_bayou_pond_c, serial_bayou_pond_e,
          serial_bayou_pond_a, serial_bayou_ford_a
D:12:     layout_cross, serial_shops, shop, guppyfry_shop_earth
D:13:     layout_loops_ring, nicolae_water_bricks, uniq_lodul
D:14:     layout_basic, erik_vaults_1, hangedman_decor_growths,
          hellmonk_guarded_unrand_frostbite
D:15:     hangedman_spin_cycle
Temple:   nicolae_temple_god_jail
Lair:1:   layout_chaotic_city, infiniplex_staircase_pool_2, lemuel_fruit_tree
Lair:2:   layout_long_grid, uniq_urug
Lair:3:   layout_regular_city, elwin_shoals_entry_rooms,
          guppyfry_snake_entry_garden, nicolae_volcano_entry_hallway,
          basic_altar
Lair:4:   layout_cave_shapes
Lair:5:   evil_forest, layout_cellular_growth, minmay_slime_entry_pillars,
          grunt_megastairs_2, infiniplex_staircase_pool
Shoals:1: layout_shoals, nicolae_shoals_secluded_bog, uniq_nikola
Shoals:2: nicolae_shoals_aurelia_aurita, layout_shoals, serial_shops,
          nicolae_shop_statue_plus, nzn_prometheus_bound
Shoals:3: layout_shoals, nicolae_shoals_kraken_intersection
Shoals:4: shoals_end_simple, layout_shoals, serial_shops,
          nicolae_shop_hallway_stairs
Snake:1:  layout_onion, uniq_mlioglotl, uniq_louise, uniq_kirke
Snake:2:  layout_gridlike, nicolae_snake_slithery_hallway, uniq_aizul
Snake:3:  layout_basic, serial_shops, bzr_entry_dummy
Snake:4:  grunt_snake_rune_serpentine_throne, layout_cave_town,
          nicolae_snake_coiling_death, serial_bayou_shore_b
Slime:1:  layout_caves, cheibrodos_slime_lost_civilization_7
Slime:2:  layout_caves
Slime:3:  cheibrodos_slime_lost_civilization_10, layout_caves
Slime:4:  layout_caves, cheibrodos_slime_lost_civilization_6
Slime:5:  slime_pit_nicolae_block_by_block
Orc:1:    layout_caves
Orc:2:    st_orc_rangers, layout_diamond_mine
Elf:1:    minmay_elf_arrival_circle, layout_loops_corners, serial_shops, shop,
          enter_trove_6, minmay_elf_necromancy, uniq_agnes
Elf:2:    elven_hall_of_blades_hangedman_original
          [nicolae_blade_entry_pointy_end], layout_loops_corners,
          not_door_vault_mu
Elf:3:    elf_hall_gauntlet_narrow, layout_gridlike,
          portal_ice_cave_entry_ice_statue_two, evilmike_spriggan_trog_shrine
Vaults:1: nicolae_vaults_network_barrier, grunt_vaults_trifunnel,
          dpeg_vaults_monster_row, nicolae_vaults_yaktaur_gun_rack,
          nicolae_vaults_spaceships, nicolae_vaults_taking_the_gang_shopping,
          grunt_vaults_hallway_long, nicolae_vaults_tangram_2,
          grunt_vaults_diagonal, nicolae_vaults_trapezoid_4,
          layout_vaults_omnicross, serial_shops, nicolae_shop_industrial_runoff
Vaults:2: minmay_crypt_entry_simple_corners, nicolae_vaults_trapezoid_4,
          nicolae_vaults_diamond_1, v_misc_11,
          nicolae_vaults_storage_room_glass, nicolae_vaults_ring_of_whatevers,
          nicolae_vaults_tangram_2, layout_vaults_quadrants
Vaults:3: mu_enter_wizlab_3, hangedman_vaults_variations,
          vaults_room_semicircle, ontoclasm_vaults_pinch, grunt_vaults_focal,
          nicolae_vaults_diamond_2, vaults_room_grid,
          hangedman_vaults_restitches, nicolae_vaults_shipping_containers_4,
          nicolae_vaults_offset_grid_hallway_4, nicolae_vaults_little_squares_4,
          layout_vaults_ring, serial_shops, shop
Vaults:4: nicolae_vaults_big_ls, nicolae_vaults_little_squares_6,
          vaults_mumra_hex, vaults_room_fours, lightli_orcish_oven,
          hangedman_vaults_maws, nicolae_vaults_crenellated_ambush,
          layout_vaults_chaotic_city
Vaults:5
Crypt:1:  statuecave_lemuel, layout_catacombs, grunt_crypt_arrival_webbed,
          uniq_bai_suzhen, uniq_donald, uniq_frederick
Crypt:2:  layout_misc_corridors, gammafunk_ghost_grave, grunt_megastairs_5,
          lemuel_upstairs_altar
Crypt:3:  lightli_unholy_cathedral, layout_chaotic_city,
          tomb_entry_simple_bobbens, st_stairs_13
Tomb:1
Depths:1: layout_honeycomb, enter_ziggurat_e,
          hangedman_abyss_or_decor_jellyfish_corner, hell_entry,
          grunt_dithmenos_smoke_and_mirrors
Depths:2: evilmike_wizard_prison, layout_gridlike, hellmouth_3, pan_entry,
          reono_crystal_passage, amcnicky_mini_rare_corridor_liquid,
          minmay_shop_grove, serial_bayou_shore_b, minmay_staircase_statues,
          firewood_loft, serial_bayou_shore_b, serial_bayou_shore_b
Depths:3: gammafunk_corrupted_shrine, layout_cave_pools, hellmouth_1,
          abyss_entry_crystal, minmay_misc_feat_encased,
          infiniplex_staircase_diamond, uniq_parghit, uniq_margery
Depths:4: grunt_twist_and_shout, layout_cave_pools, pf_dread_powers_of_hell,
          pan_entry, serial_bayou_pond_d, grunt_gozag_breadcrumbs
Hell
Coc:1:    layout_cocytus_delve
Tar:1:    layout_grid_maze
Zot:1:    layout_misc_corridors, st_single_dragon_hoard_2, uniq_grunn
Zot:2:    layout_gridlike, hellmonk_greenhouse_of_terror
Zot:3:    minmay_elemental_castle, layout_twisted_circle
Zot:4:    cheibrodos_zot_enchanting_chambers, layout_twisted_circle,
          regret_index_zotdec_wing_it, regret_index_zotdec_silver_v_v_orig_slice
Zot:5:    layout_misc_corridors, grunt_ministairs_11, skrybe_zot_glass_1

Skill      XL: |  1  2  3  4  5  6  7  8  9 10 11 12 13 14 15 16 17 18 19 20 21 22 23 24 25 26 27 |
---------------+----------------------------------------------------------------------------------+-----
Fighting       | 1 2 3 4 5 6 7 9 11 12 14 15 17 19 20 22 23 25 26 27 | 27.0
Axes           | 1 2 3 4 5 6 12 13 14 16 17 18 19 21 | 21.3
Armour         | 6 7 9 10 11 13 14 16 18 20 21 22 23 27 | 27.0
Evocations     | 7 11 13 15 | 15.0
Dodging        | 5 10 14 | 14.0
Invocations    | 5 11 25 | 25.5
Shields        | |  1.3
Spellcasting   | |  2.6
Hexes          | |  1.7

Action                     |  1- 3 |  4- 6 |  7- 9 | 10-12 | 13-15 | 16-18 | 19-21 | 22-24 | 25-27 || total
---------------------------+-------+-------+-------+-------+-------+-------+-------+-------+-------++-------
  Melee: Dagger            |    89 |       |       |       |       |       |       |       |       ||    89
         Hand axe          |    63 |    98 |   160 |   353 |    83 |       |       |       |       ||   757
         Mace              |       |    97 |   173 |    50 |       |       |       |       |       ||   320
         Broad axe         |       |       |       |   410 |  1030 |  1339 |  1033 |  1279 |  2057 ||  7148
         Unarmed           |       |       |       |       |       |       |     5 |       |       ||     5
         War axe           |       |       |       |       |       |       |       |   344 |  2084 ||  2428
         Headbutt          |       |       |       |       |       |       |       |       |    32 ||    32
  Throw: Dart              |       |     2 |       |       |       |       |       |       |       ||     2
 Invoke: Berserk           |       |       |     2 |    16 |    11 |    19 |    15 |    18 |       ||    81
         Brothers in Arms  |       |       |       |     1 |     2 |       |     3 |     2 |       ||     8
         Trog's Hand       |       |       |       |       |     2 |     7 |     6 |     9 |       ||    24
         Brand Weapon With |       |       |       |       |       |       |       |       |     1 ||     1
         Cleansing Flame   |       |       |       |       |       |       |       |       |    19 ||    19
         Divine Shield     |       |       |       |       |       |       |       |       |     5 ||     5
         Summon Divine War |       |       |       |       |       |       |       |       |     3 ||     3
Ability: Invent Gizmo      |       |       |       |       |     1 |       |       |       |       ||     1
  Evoke: Wand              |       |       |     2 |     2 |       |     6 |       |    10 |     6 ||    26
         Phial of floods   |       |       |       |       |       |     1 |       |       |       ||     1
         Lightning rod     |       |       |       |       |       |       |       |       |     8 ||     8
         Condenser vane    |       |       |       |       |       |       |       |       |     2 ||     2
         Box of beasts     |       |       |       |       |       |       |       |       |     1 ||     1
    Use: Potion            |     2 |       |     1 |       |       |     6 |     4 |     1 |    24 ||    38
         Scroll            |       |     6 |     5 |    11 |     8 |     7 |     4 |     9 |    28 ||    78
   Stab: Sleeping          |     2 |       |       |       |       |       |       |     1 |       ||     3
         Distracted        |       |       |       |       |       |       |       |     3 |       ||     3
 Armour: Leather armour    |    28 |       |       |       |   307 |   367 |       |       |       ||   702
         Plate armour      |    37 |       |       |     1 |   252 |   411 |       |   117 |       ||   818
         Chain mail        |       |    80 |   128 |       |       |       |       |       |       ||   208
         Ring mail         |       |       |    11 |   251 |       |       |       |       |       ||   262
         Scale mail        |       |       |       |   120 |       |    60 |   554 |   490 |       ||  1224
         Skin              |       |       |       |       |       |       |     4 |       |       ||     4
         Gold dragon scale |       |       |       |       |       |       |       |   159 |  2863 ||  3022
  Dodge: Dodged            |    44 |    34 |    59 |   204 |   226 |   257 |   236 |   378 |  1239 ||  2677
  Block: Buckler           |    14 |       |       |       |       |       |       |       |       ||    14
         Other             |       |       |       |       |       |       |       |       |    23 ||    23

Table legend: (Time is in decaauts)
 A = Elapsed time spent in this place.
 B = Non-inter-level travel time spent in this place.
 C = Inter-level travel time spent in this place.
 D = Time resting spent in this place.
 E = Time spent auto-exploring this place.
 F = Levels seen in this place.
 G = Mean time per level.
                   A        B        C        D        E       F      G
               +--------+--------+--------+--------+--------+-----+--------+
         Total |  89407 |  80789 |   8618 |   4950 |  59704 |  81 | 1103.8 |
       Dungeon |  20047 |  16645 |   3402 |    681 |  13242 |  15 | 1336.5 |
        Temple |     20 |     12 |      8 |      0 |      0 |   1 |   20.0 |
          Lair |   6136 |   5373 |    763 |    153 |   4506 |   5 | 1227.2 |
        Shoals |   6024 |   5851 |    173 |    363 |   4600 |   4 | 1506.0 |
     Snake Pit |   8635 |   8297 |    338 |    573 |   6502 |   4 | 2158.8 |
    Slime Pits |   1155 |   1047 |    108 |    327 |    349 |   5 |  231.0 |
  Orcish Mines |   2681 |   2429 |    252 |    310 |   1666 |   2 | 1340.5 |
   Elven Halls |   6186 |   5452 |    734 |    752 |   3681 |   3 | 2062.0 |
        Vaults |   9522 |   8281 |   1241 |    261 |   6795 |   5 | 1904.4 |
         Crypt |   3488 |   3141 |    347 |      0 |   2557 |   3 | 1162.7 |
          Tomb |   1054 |    969 |     85 |    383 |    254 |   1 | 1054.0 |
        Depths |   6263 |   5554 |    709 |    317 |   4156 |   4 | 1565.8 |
          Hell |    517 |    404 |    113 |      0 |    263 |   1 |  517.0 |
       Cocytus |     38 |     38 |      0 |      0 |      0 |   1 |   38.0 |
      Tartarus |     18 |     18 |      0 |      0 |      0 |   1 |   18.0 |
           Zot |   5227 |   4890 |    337 |    111 |   3615 |   5 | 1045.4 |
         Abyss |    999 |    999 |      0 |     17 |    489 |   3 |  333.0 |
   Pandemonium |   6923 |   6923 |      0 |    505 |   4131 |  11 |  629.4 |
        Bazaar |    156 |    156 |      0 |      0 |    120 |   1 |  156.0 |
         Trove |     89 |     89 |      0 |      0 |     54 |   1 |   89.0 |
       Ossuary |    338 |    338 |      0 |      0 |    161 |   1 |  338.0 |
        Bailey |    425 |    425 |      0 |     39 |    222 |   1 |  425.0 |
      Ice Cave |    578 |    578 |      0 |     42 |    279 |   1 |  578.0 |
       Volcano |    663 |    663 |      0 |     22 |    475 |   1 |  663.0 |
        Wizlab |   2212 |   2212 |      0 |     89 |   1583 |   1 | 2212.0 |
               +--------+--------+--------+--------+--------+-----+--------+

Top non-repeatable levels by time:
 Snake:4: 3884 daAuts
Vaults:4: 3032 daAuts
   Elf:3: 2499 daAuts
    D:15: 2462 daAuts
Depths:1: 2443 daAuts
    D:11: 2338 daAuts
 Snake:3: 2276 daAuts
Vaults:1: 2261 daAuts
  WizLab: 2212 daAuts
  Lair:5: 2197 daAuts
Depths:2: 1917 daAuts
   Elf:2: 1845 daAuts
   Elf:1: 1841 daAuts
    D:10: 1739 daAuts
Vaults:2: 1721 daAuts
